 Dungeon Crawl Stone Soup version 0.17-a0-1718-g72dbe4d (webtiles) character file.

922 kae the Carver (level 7, 0/57 HPs)
             Began as a Minotaur Fighter on Aug 26, 2015.
             Succumbed to poison (a potion of poison)
             ... on level 5 of the Dungeon.
             The game lasted 00:03:52 (4462 turns).

kae the Carver (Minotaur Fighter)                   Turns: 4462, Time: 00:03:52

Health: 0/57       AC:  6    Str: 18 (20) XL:     7   Next: 84%
Magic:  5/6        EV:  7    Int:  7      God:
Gold:   190        SH:  9    Dex: 10      Spells: 0 memorised, 6 levels left

rFire  . . .     SeeInvis .     a - +0 long sword
rCold  . . .     Clarity  +     b - +0 scale mail
rNeg   . . .     SustAt   .     c - +0 shield
rPois  .         Gourm    .     (helmet restricted)
rElec  .         Spirit   .     (no cloak)
rCorr  .         Warding  .     (no gloves)
rMut   .         Stasis   .     (no boots)
MR     .....                    r - amulet of clarity
Stlth  ..........               (no ring)
                                (no ring)

@: lethally poisoned (0 -> -6), very slightly contaminated, hasted, very quick,
not resistant to hostile enchantments, extremely unstealthy
A: retaliatory headbutt, horns 2, no device heal 1
a: no special abilities


You were on level 5 of the Dungeon.
You were near starving.

You visited 1 branch of the dungeon, and saw 5 of its levels.

You collected 190 gold pieces.

Inventory:

Hand weapons
 a - a +0 long sword (weapon)
Armour
 b - a +0 scale mail (worn)
 c - a +0 shield (worn)
Jewellery
 q - an uncursed amulet of resist corrosion
 r - an amulet of clarity (around neck)
Scrolls
 d - a scroll of enchant armour {unknown}
 f - 10 scrolls of identify {unknown}
 g - 3 scrolls of remove curse {unknown}
 k - 2 scrolls of random uselessness {unknown}
 l - 2 scrolls of enchant weapon {unknown}
 o - 3 scrolls of fog {unknown}
 s - 2 scrolls of noise {unknown}
 t - 2 scrolls of immolation {unknown}
 x - a scroll of magic mapping {unknown}
 y - a scroll of amnesia {unknown}
Potions
 h - a potion of degeneration
 m - a potion of poison
 p - 3 potions of haste
 u - a potion of might
 v - a potion of magic
 w - a potion of heal wounds {unknown}
 A - a potion of ambrosia {unknown}
Comestibles
 e - 2 bread rations
 i - 2 meat rations
 j - 3 royal jellies
 n - 2 slices of pizza
 B - a beef jerky


   Skills:
 - Level 3.6 Fighting
 + Level 10.9 Long Blades
 - Level 3.6 Armour
 - Level 3.6 Shields


You had 6 spell levels left.
You didn't know any spells.

Dungeon Overview and Level Annotations

Branches:
Dungeon (5/15)
 Temple: D:4-7

Altars:
Dithmenos

Annotations:
D:5 Pikel


Innate Abilities, Weirdness & Mutations

You reflexively headbutt those who attack you in melee.
You have a pair of horns on your head.
Potions and wands are less effective at restoring your health.


Message History

You are lethally poisoned!
* * * LOW HITPOINT WARNING * * *
You feel sick. Pikel barely misses you. You block the shadow imp's attack.
Unknown command.
Unknown command.
Drink which item? (? for menu, Esc to quit)
It was a potion of degeneration.
There was something very wrong with that liquid.
You feel weakened.
* * * LOW HITPOINT WARNING * * *
You feel sick. You block Pikel's attack.
Drink which item? (? for menu, Esc to quit)
It was a potion of magic.
Magic courses through your body. You block Pikel's attack.
You block the shadow imp's attack.
Drink which item? (? for menu, Esc to quit)
It was a potion of mutation.
You feel extremely strange.
You feel less energetic.
Your system partially rejects artificial healing.
You feel more energetic.
You die...

...........# #....#
...........# #....#
...........###....#
###.........).....####
p..p.......K........'### #
#.#.........##.######..##.#
#.#.........##.### #...#.#
............##.K.# ##.....#
##..........####@# #....###
###[########## #5# #....#
....#........###.# #....#
.................. +....+
#####........# #.###....#
#........# #.##<....#
#........# #.##.....#
#........# #........#
#....(...# ###....#


You could see Pikel and a shadow imp.

Vanquished Creatures
  Grinder (D:3)
  Sigmund (D:3)
  A phantom (D:4)
  Blork the orc (D:5)
  A giant frog skeleton (D:4)
  A hound (D:5)
  An orc priest (D:3)
  5 orc wizards
  A worker ant zombie (D:5)
  4 adders
  An adder skeleton (D:4)
  An ooze (D:4)
  3 worms (D:2)
  3 giant geckos
  20 orcs
  4 giant cockroaches
  14 goblins
  9 hobgoblins
  11 kobolds
  2 quokkas
  A ball python (D:3)
  3 bats
  9 giant newts
  5 rats
  A plant (D:1)
104 creatures vanquished.

Vanquished Creatures (others)
  7 fungi (D:4)
7 creatures vanquished.

Grand Total: 111 creatures vanquished

Notes
Turn   | Place    | Note
--------------------------------------------------------------
     0 | D:1      | kae the Minotaur Fighter began the quest for the Orb.
     0 | D:1      | Reached XP level 1. HP: 19/19 MP: 0/0
   337 | D:1      | Reached XP level 2. HP: 24/26 MP: 1/1
   624 | D:1      | Reached skill level 4 in Long Blades
  1360 | D:2      | Reached XP level 3. HP: 29/31 MP: 2/2
  1859 | D:2      | Reached skill level 5 in Long Blades
  2207 | D:2      | Reached XP level 4. HP: 39/39 MP: 3/3
  2372 | D:3      | Noticed Grinder
  2384 | D:3      | Paralysed by Grinder for 5 turns
  2389 | D:3      | Killed Grinder
  2389 | D:3      | Reached skill level 7 in Long Blades
  2389 | D:3      | Reached XP level 5. HP: 21/45 MP: 4/4
  2389 | D:3      | Reached XP level 6. HP: 23/51 MP: 5/5
  2615 | D:3      | Reached skill level 8 in Long Blades
  3002 | D:3      | Noticed Sigmund
  3015 | D:3      | Killed Sigmund
  3015 | D:3      | Reached skill level 9 in Long Blades
  3015 | D:3      | Reached XP level 7. HP: 34/57 MP: 6/6
  3640 | D:4      | Found a shadowy altar of Dithmenos.
  3664 | D:4      | Reached skill level 10 in Long Blades
  4162 | D:5      | Entered Level 5 of the Dungeon
  4185 | D:5      | Noticed Blork the orc
  4197 | D:5      | Killed Blork the orc
  4401 | D:5      | Noticed Pikel
  4458 | D:5      | HP: 2/57 [Pikel/whip of flaming (2)]
  4462 | D:5      | Gained mutation: Your magical capacity is low (-10% MP). [potion of mutation]
  4462 | D:5      | Gained mutation: Potions and wands are less effective at restoring your health. [potion of mutation]
  4462 | D:5      | Lost mutation: Your magical capacity is low (-10% MP). [potion of mutation]
  4462 | D:5      | Succumbed to poison (a potion of poison)

Vault maps used:
D:1:      ncdulo_watergridlock, serial_bayou, serial_bayou_ford_a,
          serial_bayou_lagoon_a, serial_bayou_pond_d, serial_bayou_shore_b,
          minmay_misc_feat_pillars
D:2:      minmay_goblin_outpost
D:3:      uniq_sigmund, uniq_grinder
D:4:      grunt_dithmenos_shadows, serial_aquarium, aquarium_bridge_square,
          aquarium_window_double, aquarium_window_double,
          aquarium_window_corner, aquarium_window_1, aquarium_view_2f,
          aquarium_view_2c, aquarium_pool_2, first_bread
D:5:      vehumet_altar_wand_db, kennysheep_mini, tgw_trog,
          hangedman_decor_growths, uniq_menkaure, uniq_blork_the_orc, uniq_pikel

Action                   |  1- 3 |  4- 6 |  7- 9 || total
-------------------------+-------+-------+-------++-------
Melee: Long sword        |   185 |    55 |   144 ||   384
  Use: Potion            |       |     2 |     5 ||     7
  Eat: Chunk             |     4 |     2 |     4 ||    10
